 Dungeon Crawl Stone Soup version 0.29.1-2-gbd0b4ee654 (webtiles) character file.

Game seed: 6487736133475048476

12180 croobank the Destroyer (level 11, -1/86 HPs)
             Began as a Demonspawn Conjurer on Nov 27, 2022.
             Was an Initiate of Gozag.
             Slain by a vampire (5 damage)
             ... on level 11 of the Dungeon.
             The game lasted 00:57:28 (16435 turns).

croobank the Destroyer (Demonspawn Conjurer)       Turns: 16435, Time: 00:57:28

Health: -1/86      AC: 18    Str:  8    XL:     11   Next: 59%
Magic:  8/22       EV: 15    Int: 29    God:    Gozag
Gold:   984        SH:  3    Dex: 16    Spells: 9/25 levels left

rFire   . . .      SeeInvis .   F - +4 dagger "Morg" {pain, Will+ Int+5}
rCold   . . .      Faith    .   A - +0 buckler of Ytemitz {rN+ Dex+5}
rNeg    + . .      Spirit   .   f - +0 robe
rPois   .          Reflect  .   (helmet restricted)
rElec   .          Harm     .   x - +2 cloak
rCorr   .          Rampage  .   y - +2 pair of gloves
Will    +....                   (no boots)
Stlth   ++++......              (no amulet)
HPRegen 0.24/turn               q - ring of wizardry
MPRegen 0.18/turn               N - +4 ring of protection

@: gold aura, sanguine armoured
A: horns 2, demonic guardian 1, sanguine armour 1, condensation shield
a: Renounce Religion, Potion Petition, Call Merchant, Bribe Branch


You were on level 11 of the Dungeon.
You worshipped Gozag.
Gozag was pleased with you.
You visited 2 branches of the dungeon, and saw 12 of its levels.

You collected 1774 gold pieces.
You spent 352 gold pieces at shops.
You paid 438 gold pieces to Gozag.

Inventory:

Hand Weapons
 a - a +0 short sword
 b - a +0 sling
 s - a +0 long sword
 u - a +1 war axe
 v - a +4 spear of freezing
 D - a +5 falchion of chaos
 E - a +3 hand axe
 F - the +4 dagger "Morg" (weapon) {pain, Will+ Int+5}
   (You found it on level 6 of the Dungeon)

   In the hands of one skilled in necromantic magic, it inflicts extra damage on
   living creatures.
   Int:       It affects your intelligence (+5).
   Will:      It increases your willpower.
 G - a +2 whip of flaming
 L - a +1 spear of pain
 O - a +3 short sword of freezing
 P - a +5 battleaxe of freezing
 R - a +2 halberd of venom
Missiles
 d - a throwing net
 t - 13 curare-tipped darts (quivered)
Armour
 f - a +0 robe (worn)
 i - a +0 leather armour
 p - a +0 helmet
 x - a +2 cloak (worn)
 y - a +2 pair of gloves (worn)
 A - the +0 buckler of Ytemitz (worn) {rN+ Dex+5}
   (You acquired it on level 3 of the Dungeon)

   Dex:       It affects your dexterity (+5).
   rN:        It protects you from negative energy.
Magical Staves
 U - a staff of death
Jewellery
 k - a +6 ring of dexterity
 q - a ring of wizardry (left hand)
 r - a ring of willpower
 N - a +4 ring of protection (right hand)
Wands
 m - a wand of flame (31)
 o - a wand of roots (25)
 B - a wand of digging (5)
 K - a wand of polymorph (8)
 M - a wand of mindburst (8)
Scrolls
 g - 5 scrolls of teleportation
 j - 4 scrolls of fear
 l - 3 scrolls of poison
 n - a scroll of torment
 I - a scroll of silence
 J - a scroll of amnesia
Potions
 c - 2 potions of haste
 e - 2 potions of flight
 h - 3 potions of curing
 w - 2 potions of attraction
 z - 3 potions of lignification
 C - a potion of invisibility
 H - 2 potions of brilliance
 Q - a potion of mutation {unknown}
 S - 2 potions of ambrosia
Miscellaneous
 T - a phial of floods


   Skills:
 + Level 7.9 Fighting
 + Level 7.6 Dodging
 + Level 8.3 Stealth
 + Level 7.7 Spellcasting
 + Level 9.1 Conjurations
 - Level 5.0 Hexes


You had 9 spell levels left.
You knew the following spells:

 Your Spells              Type           Power      Damage    Failure   Level
a - Magic Dart            Conj           100%       1d8       1%          1
b - Searing Ray           Conj           100%       2d8       1%          2
c - Dazzling Flash        Conj/Hex       100%       N/A       1%          3
d - Mephitic Cloud        Conj/Pois/Air  28%        N/A       2%          3
e - Summon Guardian Gole  Hex/Summ       25%        N/A       2%          3
f - Iskenderun's Mystic   Conj/Tloc      37%        2d9       4%          4

Your spell library contained the following spells:

 Spells                   Type           Power      Damage    Failure   Level
 Fulminant Prism          Conj/Hex       25%        3d14      1%          4
 Call Imp                 Summ           11%        N/A       4%          2
 Ozocubu's Armour         Ice            11%        N/A       8%          3
 Leda's Liquefaction      Hex/Erth       12%        N/A       9%          4
 Orb of Destruction       Conj           29%        9d9       45%         7
 Lee's Rapid Deconstruct  Erth           5%         3d7*      54%         5
 Spellforged Servitor     Conj/Summ      18%        N/A       96%         7
 Statue Form              Tmut/Erth      7%         N/A       98%         6
 Haunt                    Necr/Summ      5%         N/A       100%        7
 Ozocubu's Refrigeration  Ice            5%         4d8       100%        7
 Infestation              Necr           5%         N/A       100%        8
 Animate Dead             Necr           Unusable   N/A       N/A         4

Dungeon Overview and Level Annotations

Branches:
Dungeon (11/15)            Temple (1/1) D:6            Lair (0/5) D:8
    Orc: D:9-12

Altars:
Ashenzari
Cheibriados
Dithmenos
Fedhas
Gozag
Hepliaklqana
Kikubaaqudgha
Makhleb
Nemelex Xobeh
Okawaru
Qazlal
Ru
Sif Muna
Trog
Uskayaw
Vehumet
Wu Jian
Xom
Yredelemnul

Shops:
D:6 =   D:7 *

Annotations:
D:11 2 transporters
Temple 2 transporters


Innate Abilities, Weirdness & Mutations

You have a pair of horns on your head.
A weak demonic guardian rushes to your aid.
When seriously injured, your blood forms armour. (AC +6)
A meltable shield of frost defends you. (SH +0)


Message History

Your white imp disappears in a puff of smoke!
What are your orders? t - Shout!
Orders for allies: a - Attack new target. p - Attack previous target. r - Retreat! s - Stop attacking. g - Guard the area. f - Follow me.
Anything else - Cancel.
Gang up on whom?
Press: ? - help, Dir - move target, f/p - slime creature
Aim: a slime creature (flame, almost dead, ally target) Attack!
The fire dragon is engulfed in blazing flames.
The fire dragon bites your guardian golem!
The fire dragon claws your guardian golem but does no damage.
The fire dragon tramples your guardian golem but does no damage.
The slime creature is engulfed in blazing flames.
The slime creature dies!
Your guardian golem overheats!
What are your orders? t - Shout!
Orders for allies: a - Attack new target. r - Retreat! s - Stop attacking. g - Guard the area. f - Follow me.
Anything else - Cancel.
Gang up on whom?
Press: ? - help, Dir - move target, f - fire dragon
Aim: a fire dragon (flame, moderately wounded, catching its breath, ally target) Attack!
The fire dragon is engulfed in blazing flames.
The fire dragon bites your guardian golem but does no damage.
The fire dragon claws your guardian golem.
Flame seeps out of your guardian golem.
The fire dragon tramples your guardian golem!
Flame seeps out of your guardian golem.
Your guardian golem holds its ground!
Something hits you but does no damage. You block something's attack.
You closely miss something. Something hits you!
* * * LOW HITPOINT WARNING * * *
A demonic guardian appears!
Something bites you.
You die...
Your body crumbles into a pile of gold.

##.##.#.# #.# .### #.#
#.# #.... #.# #.#
.##.##.#####.##########
#..#..................
.....#...######.........
©###.#..## #..........
.##..##.# #.####..####
.y.#.##.# #.#.@5.....#
#.... #.# #.#.{####..#
##'####.# #.#9#....#.
#.)[8#..# ##.D§#.#.$# $
#)..##.## #....#..#.#
#####..# #..#○#....#
......######[)#..###
.....###....[.#........
.....# #...##)####..###


You could see a fire dragon (ally target), a friendly guardian golem (summoned,
inner flame) and a friendly iron imp (summoned, wandering).

Vanquished Creatures
  Pikel (D:7)
  A gargoyle (D:11)
  Psyche (D:8)
  Prince Ribbit (D:8)
  3 wraiths
  A wyvern (D:9)
  16 yaks
  Eustachio (D:5)
  2 steam dragons
  2 vampire mosquitoes (D:10)
  Menkaure (D:6)
  3 wargs (D:8)
  An orc warrior (D:7)
  A black bear (D:5)
  4 sky beasts
  3 centaurs
  A phantom (D:6)
  4 kobold brigands
  6 bullfrogs
  A scorpion (D:4)
  2 necrophages
  A gnoll sergeant (D:8)
  A wyvern zombie (D:6)
  7 wights
  12 killer bees
  3 howler monkeys
  A gnoll bouda (D:4)
  5 hounds
  3 jellies
  5 orc priests
  A water moccasin simulacrum (D:6)
  3 iguanas (D:5)
  9 orc wizards
  A spectral howler monkey (D:6)
  6 adders
  8 gnolls
  4 white imps
  An ufetubus (D:6)
  2 worms
  35 orcs
  7 ball pythons
  3 bats
  6 endoplasms
  2 giant cockroaches
  10 goblins
  6 hobgoblins
  4 jackals
  2 quokkas
  A frilled lizard (D:1)
  24 kobolds
  8 rats
237 creatures vanquished.

Vanquished Creatures (collateral kills)
  A hornet (D:10)
  A bullfrog (D:7)
  A wight (D:6)
  2 killer bees
  An iguana (D:5)
  A killer bee zombie (D:6)
  2 worms (D:2)
  An orc (D:2)
10 creatures vanquished.

Vanquished Creatures (others)
  Snorg (D:10)
  A hydra (D:11)
  An ugly thing (D:11)
  A troll (D:11)
  A slime creature (D:11)
  5 vampire mosquitoes (D:10)
  4 killer bees
  A howler monkey (D:11)
  A goblin (D:8)
  16 plants
  24 withered plants (D:6)
56 creatures vanquished.

Grand Total: 303 creatures vanquished

Notes
Turn   | Place    | Note
-------+----------+-------------------------------------------
     0 | D:1      | croobank the Demonspawn Conjurer began the quest for the
                  | Orb.
     0 | D:1      | Reached XP level 1. HP: 13/13 MP: 3/3
   199 | D:1      | Gained mutation: A weak demonic guardian rushes to your
                  | aid. [demonic ancestry]
   199 | D:1      | Reached XP level 2. HP: 15/19 MP: 0/5
   253 | D:1      | Learned a level 2 spell: Searing Ray
   992 | D:2      | Found a radiant altar of Vehumet.
  1113 | D:2      | Gained mutation: A meltable shield of frost defends you.
                  | (SH +0) [demonic ancestry]
  1113 | D:2      | Reached XP level 3. HP: 25/25 MP: 2/6
  1156 | D:2      | Reached skill level 1 in Fighting
  1626 | D:2      | Found a faded altar of an unknown god.
  1985 | D:2      | Reached XP level 4. HP: 32/32 MP: 3/7
  1989 | D:2      | Learned a level 3 spell: Dazzling Flash
  3108 | D:3      | Identified a scroll of acquirement
  3108 | D:3      | Acquired the +0 buckler of Ytemitz {rN+ Dex+5}
  3208 | D:3      | Found a hide-covered altar of Uskayaw.
  3260 | D:3      | Found a radiant altar of Vehumet.
  3614 | D:4      | Noticed a scorpion
  3647 | D:4      | Killed a scorpion
  3648 | D:4      | Reached XP level 5. HP: 38/38 MP: 3/9
  4555 | D:5      | Entered Level 5 of the Dungeon
  4575 | D:5      | Gained mutation: You have a pair of small horns on your
                  | head. [demonic ancestry]
  4575 | D:5      | Reached XP level 6. HP: 45/45 MP: 2/10
  4644 | D:5      | Found a stormy altar of Qazlal.
  4788 | D:5      | Found an ornate altar of the Wu Jian Council.
  4894 | D:5      | Reached skill level 5 in Conjurations
  5783 | D:5      | Reached XP level 7. HP: 52/52 MP: 3/12
  5898 | D:6      | Noticed Eustachio
  5898 | D:6      | Found a staircase to the Ecumenical Temple.
  5931 | D:5      | Reached skill level 1 in Hexes
  6316 | D:5      | Killed Eustachio
  6594 | D:6      | Gained mutation: You have a pair of horns on your head.
                  | [demonic ancestry]
  6594 | D:6      | Reached XP level 8. HP: 60/60 MP: 14/14
  6606 | Temple   | Entered the Ecumenical Temple
  6606 | Temple   | Found a transporter.
  6606 | Temple   | Found a transporter.
  6608 | Temple   | Found a transporter.
  6608 | Temple   | Found a transporter.
  6619 | Temple   | Became a worshipper of Gozag Ym Sagoz the Greedy
  6715 | D:6      | Found Fekhadog's Jewellery Emporium.
  6848 | D:6      | Noticed Menkaure
  6856 | D:6      | Killed Menkaure
  6909 | D:6      | Reached skill level 6 in Conjurations
  6933 | D:6      | Reached skill level 5 in Stealth
  6944 | D:6      | Reached XP level 9. HP: 29/66 MP: 14/16
  6951 | D:6      | Reached skill level 5 in Spellcasting
  7315 | D:6      | Reached skill level 5 in Fighting
  7315 | D:6      | Reached skill level 5 in Dodging
  7712 | D:6      | Found the +4 dagger "Morg" {pain, Will+ Int+5}
  7730 | D:6      | Learned a level 3 spell: Mephitic Cloud
  7734 | D:6      | Learned a level 3 spell: Summon Guardian Golem
  7792 | D:6      | Found a snail-covered altar of Cheibriados.
  8326 | D:7      | Found Zeofeak's Assorted Antiques.
  8506 | D:7      | Bought a wand of roots (4) for 268 gold pieces
  8506 | D:7      | Bought a scroll of identify for 56 gold pieces
  8506 | D:7      | Bought a scroll labelled ZOTHRUGH WEVO for 28 gold pieces
  9082 | D:7      | Reached skill level 7 in Conjurations
  9219 | D:7      | Learned a level 4 spell: Iskenderun's Mystic Blast
  9247 | D:7      | Noticed Pikel
  9275 | D:7      | Killed Pikel
 10067 | D:8      | Reached XP level 10. HP: 76/76 MP: 10/18
 10121 | D:8      | Noticed Psyche
 10396 | D:8      | Killed Psyche
 10397 | D:8      | Reached skill level 5 in Hexes
 10668 | D:8      | Found a staircase to the Lair.
 10912 | D:8      | Noticed Prince Ribbit
 10931 | D:8      | Killed Prince Ribbit
 11963 | D:9      | Reached skill level 8 in Conjurations
 13668 | D:9      | Noticed a moth of wrath
 13670 | D:9      | Found a bloodstained altar of Trog.
 13820 | D:9      | Found a blossoming altar of Fedhas.
 14012 | D:10     | Entered Level 10 of the Dungeon
 14012 | D:10     | Noticed Snorg
 14040 | D:10     | Killed Snorg
 14041 | D:10     | Gained mutation: When seriously injured, your blood forms
                  | armour. (AC +6) [demonic ancestry]
 14041 | D:10     | Reached XP level 11. HP: 41/84 MP: 15/21
 14951 | D:10     | Found a hazy altar of Hepliaklqana.
 15641 | D:11     | Noticed a cyan ugly thing
 15657 | D:11     | Killed a cyan ugly thing
 15896 | D:11     | Noticed a five-headed hydra
 15919 | D:11     | Noticed a six-headed hydra
 15936 | D:11     | Noticed a catoblepas
 15951 | D:11     | Noticed a seven-headed hydra
 15968 | D:11     | Noticed a seven-headed hydra
 15998 | D:11     | Killed a six-headed hydra
 15999 | D:11     | Reached skill level 9 in Conjurations
 16033 | D:11     | Noticed a sea snake
 16090 | D:11     | Noticed a mana viper
 16090 | D:11     | a snapping turtle changed into a mana viper
 16138 | D:11     | a mana viper changed into a salamander
 16212 | D:11     | Found a transporter.
 16292 | D:11     | Found a transporter.
 16413 | D:11     | Noticed a fire dragon
 16435 | D:11     | HP: 4/86 [something (9)]
 16435 | D:11     | Slain by a vampire

Illustrated notes

Levels and vault maps discovered:
D:1:      psy_arrival_dodecagon, layout_basic
D:2:      layout_loops_ring, basic_altar,
          hellmonk_ecumenical_altar_inner_sanctum
D:3:      layout_basic, mainiacjoe_overflow_brackets,
          nicolae_uskayaw_murder_on_the_dancefloor
D:4:      layout_loops_ring, nicolae_grassy_gnolls
D:5:      layout_basic, grunt_qazlal_clouds, general_overflow_altar,
          nzn_wu_jian_council_hall
D:6:      layout_loops_ring, lemuel_tele_altar, minmay_temple_entry_sparse_star,
          minmay_shop_enchanted_jewellery, dilly_guarded_unrand_morg,
          uniq_eustachio, uniq_menkaure
D:7:      layout_gridville, serial_shops, nicolae_diamond_shop, uniq_pikel
D:8:      layout_basic, erik_lair_orcish_takeover, enter_bailey_4, uniq_psyche,
          uniq_prince_ribbit1
D:9:      layout_basic, tgw_trog, mainiacjoe_overflow_catwalk
D:10:     layout_cave_pools, mainiacjoe_overflow_chevrons, uniq_snorg
D:11:     gammafunk_the_bubble [the_bubble_gammafunk_crates], layout_small_grid,
          minivault_20
Temple:   hellmonk_temple_divided_pantheon

Skill      XL: |  1  2  3  4  5  6  7  8  9 10 11 |
---------------+----------------------------------+-----
Stealth        | 2 3 4 5 6 7 8 |  8.3
Dodging        | 2 3 4 5 7 |  7.6
Fighting       | 1 2 3 4 5 7 |  7.9
Spellcasting   | 3 4 5 7 |  7.7
Conjurations   | 5 6 7 8 9 |  9.1
Hexes          | 1 3 4 5 |  5.0

Action                   |  1- 3 |  4- 6 |  7- 9 | 10-12 || total
-------------------------+-------+-------+-------+-------++-------
Melee: Short sword       |    25 |    49 |    60 |       ||   134
       Headbutt          |       |       |    43 |    40 ||    83
       Falchion          |       |       |    53 |       ||    53
       Dagger            |       |       |    79 |   163 ||   242
       Spear             |       |       |    20 |       ||    20
Throw: Throwing net      |       |       |       |     2 ||     2
       Dart              |       |       |       |     1 ||     1
 Cast: Magic Dart        |    37 |    65 |    27 |    86 ||   215
       Searing Ray       |    12 |    37 |    31 |    65 ||   145
       Dazzling Flash    |       |     1 |    12 |    29 ||    42
       Mephitic Cloud    |       |       |     2 |     8 ||    10
       Summon Guardian G |       |       |     1 |    20 ||    21
       Iskenderun's Myst |       |       |       |     8 ||     8
Invok: Potion Petition   |       |       |       |     1 ||     1
Evoke: Wand              |       |     6 |     1 |       ||     7
  Use: Scroll            |       |    14 |     6 |    11 ||    31
       Potion            |       |     2 |     7 |     5 ||    14
 Stab: Sleeping          |     7 |     2 |     6 |       ||    15
       Invisible         |       |       |     4 |    10 ||    14
       Confused          |       |       |     3 |     1 ||     4
       Distracted        |       |       |     1 |       ||     1
Armor: Robe              |       |    18 |    59 |    80 ||   157
Dodge: Dodged            |    13 |    39 |   151 |   302 ||   505
Block: Other             |     4 |    10 |       |       ||    14
       Buckler           |       |    20 |    99 |   129 ||   248
